 Dungeon Crawl Stone Soup version 0.15-a0-1485-g692b94f (webtiles) character file.

109 Deemzul the Sneak (level 4, 0/34 HPs)
             Began as a Demonspawn Assassin on June 14, 2014.
             Killed from afar by an orc wizard (9 damage)
             ... with a magic dart
             ... on Level 2 of the Dungeon.
             The game lasted 00:06:02 (2129 turns).

Deemzul the Sneak (Demonspawn Assassin)             Turns: 2129, Time: 00:06:02

HP   0/34        AC  3     Str 12      XL: 4   Next: 60%
MP   4/4         EV 12     Int 12      God:
Gold 102         SH  0     Dex 15      Spells:  0 memorised,  3 levels left

rFire  + . .     SeeInvis .     a - +2 dagger
rCold  . . .     Clarity  .     c - +0 robe
rNeg   . . .     rCorr    .     (no shield)
rPois  .         rRot     .     t - +0 hat
rElec  .         Spirit   .     d - +0 cloak
SustAb .         Warding  .     (no gloves)
rMut   .         Stasis   +     (no boots)
Gourm  .                        p - amulet of stasis
MR     .....                    (no ring)
                                (no ring)

@: not resistant to hostile enchantments, fairly stealthy
A: claws 1, fire resistance 1
a: no special abilities


You were on level 2 of the Dungeon.
You were not hungry.

You visited 1 branch of the dungeon, and saw 3 of its levels.

You collected 102 gold pieces.

Inventory:

Hand weapons
 a - a +2,+2 dagger (weapon)
 b - a +0 blowgun
Missiles
 e - 2 poisoned needles
 f - 2 curare-tipped needles
Armour
 c - a +0 robe (worn)
 d - a +0 cloak (worn)
 t - a +0 hat (worn)
Comestibles
 g - 3 bread rations
 v - a chunk of rat flesh
 x - 3 rotting chunks of jackal flesh
Scrolls
 h - a scroll of immolation {unknown}
 j - a scroll of teleportation {unknown}
 l - 2 scrolls of identify {unknown}
 o - 2 scrolls of blinking {unknown}
 s - a scroll of fog {unknown}
 u - a scroll of enchant weapon I {unknown}
Jewellery
 p - an amulet of stasis (around neck)
Potions
 i - a potion of restore abilities {unknown}
 m - a potion of might {unknown}
 n - a potion of flight {unknown}
 q - a potion of poison {unknown}
 r - a potion of haste {unknown}


   Skills:
 + Level 2.7 Fighting
 * Level 2.8 Short Blades
 - Level 1.7 Throwing
 + Level 1.6 Dodging
 * Level 4.4 Stealth


You had 3 spell levels left.
You didn't know any spells.

Dungeon Overview and Level Annotations

Branches:
Dungeon (3/15)

Altars:


Innate Abilities, Weirdness & Mutations

You have sharp fingernails.
Your flesh is heat resistant.


Message History

You hear some strange, mumbled words.
The magic dart hits you!
* * * LOW HITPOINT WARNING * * *
Drink which item? (? for menu, Esc to quit)
Okay, then.
Unknown command.
Drink which item? (? for menu, Esc to quit)
You feel better.
You swing at nothing.
You closely miss something. Something hits you.
* * * LOW HITPOINT WARNING * * *
You closely miss something.
You hear some strange, mumbled words.
Something tries to affect you, but you resist.
You hit something but do no damage.
Unknown command.
You miss something.
You hear some strange, mumbled words.
The magic dart hits you!
You die...

# #.#####.#####
##.###.# #
#...........#
#......### #
#..####.###.#
#..###.... # ##..#
#.# #.# #..# #####
# #####...#
#.###.####..# ### #
#.......#
#...>.......# ##..
# #.###...#
#####.#####.####...
# #.# ###.#
#...).............
# #.# #.#
#@#.%##########...
#
##.#####.#####.#..#
##..
#.............[...#
##.
#..#####.......(..#
#. ###...##
#######.#### #.
...###.########...#
## ##.#
#............#
#.###.########...#
##...## #####


There were no monsters in sight!

Vanquished Creatures
  Jessica (D:2)
  An adder (D:2)
  A giant mite (D:2)
  5 worms (D:2)
  3 orcs
  4 bats
  3 giant cockroaches
  3 goblins
  6 hobgoblins
  5 jackals (D:2)
  A giant gecko (D:2)
  2 giant newts (D:2)
  6 kobolds
  4 rats
45 creatures vanquished.

Notes
Turn   | Place    | Note
--------------------------------------------------------------
     0 | D:1      | Deemzul, the Demonspawn Assassin, began the quest for the Orb.
     0 | D:1      | Reached XP level 1. HP: 16/16 MP: 1/1
    15 | D:1      | Reached skill level 1 in Dodging
   307 | D:1      | Gained mutation: You have sharp fingernails. [demonic ancestry]
   307 | D:1      | Reached XP level 2. HP: 20/22 MP: 2/2
   687 | D:2      | Reached skill level 4 in Stealth
   842 | D:2      | Reached XP level 3. HP: 19/27 MP: 3/3
  1050 | D:2      | Noticed Jessica
  1234 | D:2      | Killed Jessica
  1273 | D:2      | Gained mutation: Your flesh is heat resistant. [demonic ancestry]
  1273 | D:2      | Reached XP level 4. HP: 6/34 MP: 4/4
  2129 | D:2      | Killed from afar by an orc wizard

Action                   |  1- 3 |  4- 6 || total
-------------------------+-------+-------++-------
Melee: Dagger            |   130 |    81 ||   211
 Fire: Blowgun           |     7 |    12 ||    19
  Use: Potion            |       |     2 ||     2
 Stab: Sleeping          |     6 |     1 ||     7
       Distracted        |       |     1 ||     1
